[Event "Team 45 45 League T57"]
[Site "Internet Chess Club"]
[Date "2013.06.24"]
[Round "5"]
[White "bookseller"]
[Black "Schachteufel"]
[Result "0-1"]
[WhiteElo "1681"]
[BlackElo "1675"]
[Opening "Scotch game"]
[ECO "C45"]
[Time "13:00:26"]
[TimeControl "2700+45"]

1. e4 e5 2. Nf3 Nc6 3. d4 exd4 4. Nxd4 Bc5 5. Be3 Qf6 6. c3 Nge7 7. Bc4 Ne5 8.
Be2 d5 9. Nd2 Qg6 10. O-O dxe4 11. Bh5 Qb6 12. Nxe4 Nd5 13. Nxc5 Nxe3 14. Na4
Nxd1 15. Nxb6 axb6 16. Rfxd1 O-O 17. Nb5 c6 18. Nd6 Be6 19. f4 Nc4 20. f5 Bd5
21. Rxd5 cxd5 22. Nxc4 dxc4 23. Bf3 Ra5 24. Bxb7 Rxf5 25. Rd1 Rb5 26. Rd2 Ra5
27. Bd5 Rxa2 28. Bxc4 Ra1+ 29. Kf2 g6 30. Rd6 Rb8 31. Rf6 Rb7 32. Rd6 Rb1 33.
Rd2 Re7 34. Bd3 Rbe1 35. Be2 Rb1 36. Bd3 Ra1 37. Be2 Ra5 38. Rd6 Rae5 39. Bf3
R5e6 40. Rd5 h5 41. c4 Re5 42. Rd6 R7e6 43. Rd7 Kg7 44. Bd5 Rf6+ 45. Kg3 g5 46.
h3 Rf1 47. Kh2 Ree1 48. Kg3 h4+ 49. Kg4 Kg6 50. g3 f5# {White checkmated} 0-1

[Event "Team 45 45 League T57"]
[Site "Internet Chess Club"]
[Date "2013.06.21"]
[Round "5"]
[White "kutch"]
[Black "calsal"]
[Result "0-1"]
[WhiteElo "1489"]
[BlackElo "1591"]
[Opening "King's Indian: Petrosian system, Stein variation"]
[ECO "E92"]
[Time "10:04:14"]
[TimeControl "2700+45"]

1. d4 Nf6 2. c4 g6 3. Nc3 Bg7 4. e4 d6 5. Nf3 O-O 6. Be2 e5 7. d5 a5 8. h3 Na6
9. Be3 Nc5 10. Bxc5 dxc5 11. Qc2 Nh5 12. b3 f5 13. Rd1 Nf6 14. Ng5 Qe7 15. O-O
h6 16. Ne6 Bxe6 17. dxe6 Qxe6 18. Rd2 f4 19. Rfd1 g5 20. Nd5 Nxd5 21. Rxd5 b6
22. Bg4 Qc6 23. Rd7 Bf6 24. f3 a4 25. Qd2 Rfe8 26. Qd5+ Qxd5 27. R1xd5 axb3 28.
axb3 Re7 29. Bf5 Ra3 30. Rxe7 Bxe7 31. Rd7 Bd6 32. Rh7 Rxb3 33. Rxh6 Be7 34. Re6
Bd6 35. Rg6+ Kf7 36. Rxg5 Rc3 37. h4 Rxc4 38. h5 Be7 39. Rg6 Bf6 40. h6 Ra4 41.
g4 fxg3 42. Rxg3 Ra8 43. h7 Rh8 44. Kf2 b5 45. Ke2 Rd8 46. Rg8 Rd6 47. Rc8 c6
48. h8=Q Bxh8 49. Rxh8 c4 50. Rh1 c3 51. Rd1 Rh6 52. Kd3 b4 53. Kc4 c5 54. Kxc5
c2 55. Rc1 b3 56. Ra1 b2 57. Ra7+ Kf6 58. Ra6+ Kg5 59. f4+ exf4 {White resigns}
0-1

[Event "Team 45 45 League T57"]
[Site "Internet Chess Club"]
[Date "2013.07.01"]
[Round "5"]
[White "stanbeers"]
[Black "pmxpp"]
[Result "0-1"]
[WhiteElo "1529"]
[BlackElo "1456"]
[Opening "King's Indian: 4.e4"]
[ECO "E70"]
[Time "15:04:01"]
[TimeControl "2700+45"]

1. d4 Nf6 2. c4 g6 3. Nc3 Bg7 4. e4 d6 5. Bd3 O-O 6. Nge2 e5 7. d5 Nbd7 8. O-O
a5 9. a4 Nh5 10. Rb1 Nc5 11. Bc2 f5 12. f4 Rf7 13. Be3 b6 14. Qd2 Bb7 15. fxe5
fxe4 16. Rxf7 Kxf7 17. e6+ Kg8 18. Nxe4 Qe7 19. Bg5 Nxe4 20. Bxe4 Nf6 21. Ng3
Rf8 22. Rf1 Qe8 23. Bc2 Ba6 24. b3 Qa8 25. Qe2 Nxd5 26. e7 Rxf1+ 27. Nxf1 Kf7
28. Qf3+ Ke8 29. Qe4 Bb7 30. Qe6 Bd4+ 31. Kh1 Bc6 32. Qg8+ Kd7 33. Qxa8 Bxa8 34.
cxd5 Bxd5 35. Nd2 Bf7 36. Nf3 Bc5 37. Ne1 d5 38. Nd3 Bxe7 39. Bxe7 Kxe7 40. b4
axb4 41. Nxb4 c5 42. Nc6+ Kd6 43. Na7 c4 44. Nb5+ Kc5 45. Kg1 d4 46. Kf2 Be8 47.
Nc7 Bc6 48. Ne6+ Kd5 49. Nf4+ Ke5 50. g3 Be4 51. Bd1 c3 52. Bb3 c2 53. Bxc2 Bxc2
54. Ke2 Bxa4 55. Kd2 Ke4 56. Ng2 b5 57. Ne1 b4 58. Nd3 b3 59. Nc5+ Kf3 60. Nxa4
Kg2 61. Kd3 Kxh2 62. Kxd4 Kxg3 63. Kc3 h5 64. Kxb3 h4 65. Nc3 Kf3 66. Nd5 h3 67.
Nf6 {White resigns} 0-1

[Event "Team 45 45 League T57"]
[Site "Internet Chess Club"]
[Date "2013.06.21"]
[Round "5"]
[White "nidusin2"]
[Black "montgomerydvd"]
[Result "1-0"]
[WhiteElo "1685"]
[BlackElo "1466"]
[Opening "Scotch gambit"]
[ECO "C44"]
[Time "05:03:05"]
[TimeControl "2700+45"]

1. e4 e5 2. Nf3 Nc6 3. d4 exd4 4. Bc4 d6 5. O-O Nf6 6. Ng5 Ne5 7. Qxd4 c5 8.
Bb5+ Bd7 9. Bxd7+ Qxd7 10. Qd1 Be7 11. Nc3 O-O 12. f4 Nc6 13. Nd5 Nxd5 14. Qxd5
Rad8 15. Be3 Bf6 16. c3 Ne7 17. Qb3 h6 18. Nf3 Nc6 19. Rad1 Qc7 20. Rd2 Rfe8 21.
Qc2 Rd7 22. Rfd1 Red8 23. a3 c4 24. Nd4 Nxd4 25. Bxd4 Bxd4+ 26. Rxd4 b5 27. Rd5
Qb6+ 28. Qf2 Qc6 29. Qd4 f6 30. Kf2 Kf7 31. Kf3 Ke7 32. f5 a6 33. Qf2 Kf7 34.
Qg3 Ke8 35. Qg6+ Kf8 36. g4 Qc7 37. h4 Kg8 38. g5 fxg5 39. hxg5 hxg5 40. Rh1 Rf8
41. Rh5 Rf6 42. Qh7+ Kf7 43. Rxg5 Ke8 44. Qh8+ Rf8 45. Qh5+ Kd8 46. Rg6 Kc8 47.
Re6 Rfd8 48. Re8 Kb7 49. Rxd8 Rxd8 50. Qh4 Re8 51. Qf4 Re5 52. Qd2 Kc6 53. Qd4
Rxd5 54. Qxd5+ Kb6 55. Kf4 Qe7 56. Kg4 Qc7 57. Qe6 Ka7 58. Kg5 Kb6 59. e5 Kc5
60. exd6 Qxd6 61. Qe3+ Kc6 62. Qe8+ Kb6 63. Qg6 Qxg6+ 64. Kxg6 a5 65. Kxg7 b4
66. axb4 axb4 67. f6 {Black resigns} 1-0

[Event "Team 45 45 League T57"]
[Site "Internet Chess Club"]
[Date "2013.06.23"]
[Round "5"]
[White "Goodfella"]
[Black "fireball"]
[Result "0-1"]
[WhiteElo "1500"]
[BlackElo "1699"]
[Opening "French: Tarrasch, open, 4.ed ed"]
[ECO "C08"]
[Time "15:30:24"]
[TimeControl "2700+45"]

1. e4 e6 2. d4 d5 3. Nd2 c5 4. exd5 exd5 5. Ngf3 Nf6 6. Bb5+ Nc6 7. c3 Bd7 8.
O-O Be7 9. Re1 O-O 10. dxc5 Bxc5 11. Nb3 Bxf2+ 12. Kxf2 Qb6+ 13. Nbd4 Nxd4 14.
Bxd7 Nc2+ 15. Nd4 Nxd4 16. Qxd4 Qxd4+ 17. cxd4 Nxd7 18. Re7 Rad8 19. Bd2 Rfe8
20. Rae1 Rxe7 21. Rxe7 b6 22. Bf4 Nf6 23. Rxa7 Ne4+ 24. Ke2 g5 25. Bc7 Re8 26.
Bxb6 Nd6+ 27. Kd3 Nc4 28. Bc5 Re3+ 29. Kc2 Re2+ 30. Kb3 Rxb2+ 31. Kc3 Rxg2 32.
a4 Rxh2 33. Ra8+ Kg7 34. Bf8+ Kg6 35. Ra6+ Kf5 36. Bg7 Rh3+ 37. Kb4 g4 38. Rf6+
Ke4 39. Rxf7 g3 40. Rf1 g2 41. Rg1 Kf3 {White resigns} 0-1

[Event "Team 45 45 League T57"]
[Site "Internet Chess Club"]
[Date "2013.06.23"]
[Round "5"]
[White "monkeyshark"]
[Black "pcvan"]
[Result "1-0"]
[WhiteElo "1607"]
[BlackElo "1533"]
[Opening "French: King's Indian attack"]
[ECO "C00"]
[Time "16:02:39"]
[TimeControl "2700+45"]

1. e4 e6 2. d3 d5 3. Nd2 Bb4 4. c3 Bd6 5. Ngf3 Nd7 6. g3 c5 7. Bg2 Ne7 8. O-O
Qc7 9. Re1 Ng6 10. Nf1 O-O 11. h4 h6 12. N1h2 Nge5 13. Nxe5 Nxe5 14. d4 cxd4 15.
cxd4 Ng6 16. h5 Ne7 17. e5 Bb4 18. Re2 Nf5 19. a3 Ba5 20. b4 Bb6 21. Rc2 Qe7 22.
Nf3 Bd7 23. Re2 Rac8 24. Raa2 a6 25. Qd2 Rc4 26. Bb2 Rfc8 27. Qd1 Bb5 28. Bh3
R4c7 29. Rd2 a5 30. Bxf5 exf5 31. a4 Bc4 32. Ra1 axb4 33. a5 Ba7 34. Ne1 Ba6 35.
Nc2 b3 36. Ne3 Bc4 37. Nxf5 Qd7 38. Nd6 Rd8 39. Qf3 Bb8 40. Kg2 Rc6 41. Ba3 f6
42. Re1 Ra6 43. e6 Qa4 44. e7 Re8 45. Nxe8 Qxe8 46. Qf5 Bc7 47. Qg6 Ra8 48. Re6
Bxa5 49. Rd1 b5 50. Rxf6 Qd7 51. Rf8+ {Black resigns} 1-0

[Event "Team 45 45 League T57"]
[Site "Internet Chess Club"]
[Date "2013.06.23"]
[Round "5"]
[White "Megasus"]
[Black "Ajolote"]
[Result "0-1"]
[WhiteElo "1458"]
[BlackElo "1607"]
[Opening "English opening"]
[ECO "A30"]
[Time "20:30:20"]
[TimeControl "2700+45"]

1. Nf3 Nf6 2. c4 c5 3. e3 e6 4. d4 cxd4 5. exd4 d5 6. b3 Be7 7. Be2 Nc6 8. O-O
Qc7 9. Bb2 Bd7 10. a3 h5 11. h3 Ne4 12. Nbd2 Nd6 13. Rc1 Nf5 14. Qe1 g5 15. Bd3
Nh4 16. Nxh4 gxh4 17. Qe3 Qd6 18. c5 Qc7 19. Nf3 O-O-O 20. Ng5 Rdf8 21. Rc2 Qd8
22. f4 Bxg5 23. fxg5 Rhg8 24. Rcf2 Be8 25. Rf6 Qe7 26. Qf4 Rg7 27. Qxh4 Rfg8 28.
g6 fxg6 29. Qg5 Rf7 30. Rxf7 Qxg5 31. Bc1 Qh4 32. Bf4 {White resigns} 0-1

[Event "Team 45 45 League T57"]
[Site "Internet Chess Club"]
[Date "2013.06.24"]
[Round "5"]
[White "charles-allen"]
[Black "RedAttack"]
[Result "1-0"]
[WhiteElo "1907"]
[BlackElo "1827"]
[Opening "Petrov three knights game"]
[ECO "C26"]
[Time "19:27:08"]
[TimeControl "2700+45"]

1. e4 e5 2. Nc3 Nf6 3. Nf3 d6 4. d4 exd4 5. Nxd4 Bd7 6. Bc4 Nc6 7. Bg5 Be7 8.
O-O O-O 9. Qd2 Ne5 10. Bb3 a6 11. a4 h6 12. Bh4 c5 13. Nf5 Bxf5 14. exf5 Rc8 15.
Bxf6 Bxf6 16. Bd5 b6 17. Ne4 Nc6 18. c3 Ne5 19. Bb7 Rc7 20. Bxa6 Be7 21. Rfd1
Qa8 22. Bd3 Rd8 23. Qf4 f6 24. Bc2 Rcd7 25. Ng3 d5 26. Nh5 Kh7 27. Qg3 Bd6 28.
f4 Nc4 29. b3 Na5 30. Qg6+ Kh8 31. Rd3 Qb7 32. Re1 Bf8 33. Rg3 Rf7 34. Re6 Qd7
35. Nxf6 Rxf6 36. Rxf6 Re8 37. Re6 Re7 38. f6 Rxe6 39. Qh7# {Black checkmated}
1-0

[Event "Team 45 45 League T57"]
[Site "Internet Chess Club"]
[Date "2013.06.22"]
[Round "5"]
[White "frank001"]
[Black "j65536d"]
[Result "1-0"]
[WhiteElo "1762"]
[BlackElo "1764"]
[Opening "King's Indian: Four pawns attack, dynamic line"]
[ECO "E76"]
[Time "23:02:59"]
[TimeControl "2700+45"]

1. d4 Nf6 2. c4 g6 3. Nc3 Bg7 4. e4 d6 5. f4 O-O 6. Nf3 c5 7. d5 e6 8. dxe6 fxe6
9. Bd3 Nc6 10. O-O b6 11. Ng5 Qe7 12. Be3 Bb7 13. a3 Rad8 14. Qf3 h6 15. Nh3 Kh7
16. Rae1 Ba8 17. Qg3 Nh5 18. Qg4 Bd4 19. e5 Nxf4 20. Nxf4 Nxe5 21. Bxg6+ Kh8 22.
Qh5 Qg7 23. Be4 Bxc3 24. Nxe6 Qe7 25. Qxh6+ Kg8 26. Bh7+ Qxh7 27. Rxf8+ Rxf8 28.
Qxf8# {Black checkmated} 1-0

[Event "Team 45 45 League T57"]
[Site "Internet Chess Club"]
[Date "2013.06.23"]
[Round "5"]
[White "jt2000"]
[Black "Portola"]
[Result "1-0"]
[WhiteElo "1760"]
[BlackElo "1776"]
[Opening "French: Chigorin variation"]
[ECO "C00"]
[Time "12:40:59"]
[TimeControl "2700+45"]

1. e4 e6 2. Qe2 Nf6 3. g3 d5 4. d3 c5 5. Bg2 dxe4 6. dxe4 Be7 7. f4 O-O 8. Nf3
Nc6 9. c3 Qc7 10. O-O b6 11. Na3 a6 12. Nc4 Bb7 13. Nce5 Nxe5 14. Nxe5 Rad8 15.
b3 Nd7 16. Nxd7 Rxd7 17. Bb2 Rfd8 18. Rad1 b5 19. c4 Bc6 20. Be5 Bd6 21. Bxd6
Rxd6 22. e5 R6d7 23. Rxd7 Rxd7 24. Rd1 Bxg2 25. Kxg2 Qd8 26. Rxd7 Qxd7 27. Qf3
Qc8 28. Qe4 g6 29. Kf2 b4 30. Ke3 a5 31. Qd3 Qc7 32. Qd6 Qxd6 33. exd6 Kf8 34.
Ke4 f6 35. g4 Ke8 36. g5 Kd7 37. gxf6 Kxd6 38. f7 Ke7 39. Ke5 Kxf7 40. Kd6 Kf6
41. Kxc5 g5 42. fxg5+ Kxg5 43. Kd6 Kf4 44. Kxe6 {Black resigns} 1-0

[Event "Team 45 45 League T57"]
[Site "Internet Chess Club"]
[Date "2013.06.22"]
[Round "5"]
[White "QuieroAprender"]
[Black "amicusUK"]
[Result "1-0"]
[WhiteElo "1706"]
[BlackElo "1603"]
[Opening "Caro-Kann: anti-Caro-Kann defense"]
[ECO "B10"]
[Time "16:42:01"]
[TimeControl "2700+45"]

1. e4 c6 2. c4 e5 3. Nc3 d6 4. Be2 Be7 5. d3 Bg5 6. Nf3 Bxc1 7. Qxc1 Bg4 8. h3
Bxf3 9. Bxf3 Nd7 10. b4 Qf6 11. Qe3 Ne7 12. g4 Ng6 13. Ne2 Nh4 14. Ng1 Nf8 15.
O-O-O Nfg6 16. Be2 Nf4 17. Bf1 Nfg2 18. Qg3 Qf4+ 19. Rd2 Qxg3 20. fxg3 Ne3 21.
gxh4 Nxf1 22. Rf2 Ng3 23. Rhh2 d5 24. Rhg2 Nxe4 25. dxe4 d4 26. Nf3 f6 27. g5
Kf7 28. gxf6 Kxf6 29. Nxd4+ {Black resigns} 1-0

[Event "Team 45 45 League T57"]
[Site "Internet Chess Club"]
[Date "2013.06.22"]
[Round "5"]
[White "Helaman"]
[Black "CaoCao"]
[Result "1/2-1/2"]
[WhiteElo "1927"]
[BlackElo "1901"]
[Opening "Ruy Lopez: Schliemann defense, Berger variation"]
[ECO "C63"]
[Time "21:39:34"]
[TimeControl "2700+45"]

1. e4 e5 2. Nf3 Nc6 3. Bb5 f5 4. Nc3 fxe4 5. Nxe4 d5 6. Nxe5 dxe4 7. Nxc6 Qg5 8.
Qe2 Nf6 9. f4 Qxf4 10. Nxa7+ Bd7 11. Bxd7+ Kxd7 12. Qb5+ Ke6 13. Qxb7 Bd6 14.
Qb3+ Kd7 15. Qf7+ Be7 16. Nc6 Kxc6 17. Qxe7 Rhe8 18. Qb4 Re5 19. a4 Rf5 20. Qc4+
Kb7 21. Qb4+ Kc8 22. Qf8+ Kb7 23. Qb4+ Kc8 24. Qf8+ Kb7 25. Qb4+ {Game drawn by
repetition} 1/2-1/2

[Event "Team 45 45 League T57"]
[Site "Internet Chess Club"]
[Date "2013.06.22"]
[Round "5"]
[White "RamRock"]
[Black "LittleButton"]
[Result "0-1"]
[WhiteElo "1891"]
[BlackElo "1877"]
[Opening "Sicilian defense"]
[ECO "B20"]
[Time "17:06:31"]
[TimeControl "2700+45"]

1. e4 c5 2. d3 Nc6 3. g3 g6 4. Bg2 Bg7 5. f4 d6 6. Nf3 e6 7. O-O Nge7 8. c3 O-O
9. Nbd2 b5 10. Re1 Rb8 11. Nf1 Bb7 12. Ne3 b4 13. Bd2 bxc3 14. Bxc3 Nd4 15. Nc2
Nec6 16. Ncxd4 Nxd4 17. Rb1 Qb6 18. e5 Qc6 19. Bxd4 cxd4 20. Qd2 Qb6 21. b3 Bxf3
22. Bxf3 dxe5 23. fxe5 Rfc8 24. Rbc1 Qa6 25. Rc4 Rxc4 26. dxc4 Qb6 27. Qd3 Qc5
28. Qe4 d3+ 29. Kg2 d2 30. Re3 Qa3 31. Qc2 Qc1 32. Bd1 Rd8 33. Rc3 Qxc2 34. Rxc2
Bxe5 35. c5 Kf8 36. Kf3 Bf6 37. h4 Be5 38. b4 Ke7 39. b5 Rd5 40. c6 Kd8 41. g4
f5 42. gxf5 gxf5 43. Ke2 Bf4 44. a4 Kc7 45. Rc4 e5 46. Rc3 e4 47. Bb3 Rd6 48.
Rc5 Rh6 49. Rxf5 Rxh4 50. Rf7+ Kb6 51. Rb7+ Kc5 52. c7 Rh2+ 53. Kf1 Bxc7 54.
Rxc7+ Kb4 55. Bd1 e3 56. Rxa7 Rf2+ 57. Kg1 e2 58. Bxe2 Rxe2 59. Rd7 Re1+ {White
resigns} 0-1

[Event "Team 45 45 League T57"]
[Site "Internet Chess Club"]
[Date "2013.06.22"]
[Round "5"]
[White "justice02"]
[Black "mugurelt"]
[Result "1/2-1/2"]
[WhiteElo "1717"]
[BlackElo "1733"]
[Opening "English opening"]
[ECO "A30"]
[Time "23:12:18"]
[TimeControl "2700+45"]

1. Nf3 Nf6 2. c4 c5 3. g3 b6 4. Bg2 Bb7 5. O-O e6 6. d3 d5 7. b3 Be7 8. Bb2 Nbd7
9. e3 O-O 10. Nbd2 Qc7 11. Rc1 Rad8 12. Qc2 Qb8 13. Rfe1 Qa8 14. Ne5 Qb8 15.
Nxd7 Rxd7 16. cxd5 Nxd5 17. Qc4 Rfd8 18. a3 Bf6 19. Bxf6 Nxf6 20. Bf1 Qc8 21.
Qf4 Qc6 22. e4 Ba6 23. Nc4 Bxc4 24. Rxc4 Rd4 25. Rxd4 Rxd4 26. Qb8+ Qe8 27. Qxa7
Nd7 28. e5 g6 29. f4 Qb8 30. Qxb8+ Nxb8 31. Rc1 Na6 32. Rc4 Kf8 33. Kf2 f6 34.
Ke3 fxe5 35. Rxd4 exd4+ 36. Ke4 Ke7 37. Be2 Nc7 38. a4 Nd5 39. Ke5 Nb4 40. Bf1
Nc6+ 41. Ke4 Kf6 42. h4 h6 43. Bh3 h5 44. g4 hxg4 45. Bxg4 Nb4 46. h5 gxh5 47.
Bxh5 Nc2 48. Bf3 Nb4 49. Bg4 Na2 50. Bh3 Nc1 51. b4 cxb4 52. Kxd4 Ne2+ 53. Kc4
Nxf4 54. Bxe6 Kxe6 55. Kxb4 Kd6 56. Kb5 Kc7 57. a5 bxa5 58. Kxa5 Nxd3 {Game
drawn because neither player has mating material} 1/2-1/2

[Event "Team 45 45 League T57"]
[Site "Internet Chess Club"]
[Date "2013.06.23"]
[Round "5"]
[White "xt"]
[Black "latayvia"]
[Result "0-1"]
[WhiteElo "1637"]
[BlackElo "1613"]
[Opening "Two knights defense"]
[ECO "C59"]
[Time "11:33:16"]
[TimeControl "2700+45"]

1. e4 e5 2. Nf3 Nc6 3. Bc4 Nf6 4. Ng5 d5 5. exd5 Na5 6. Bb5+ c6 7. dxc6 bxc6 8.
Be2 h6 9. Nf3 e4 10. Ng1 Bc5 11. d3 Qb6 12. Nc3 Bxf2+ 13. Kf1 e3 14. d4 O-O 15.
Nf3 Bf5 16. Bd3 Bg4 17. h3 Nh5 18. Ne4 Bf5 19. Nxf2 Ng3+ 20. Kg1 exf2+ 21. Kxf2
Nxh1+ 22. Qxh1 Bxd3 23. cxd3 Qa6 24. Qd1 Rfe8 25. Ne5 Qb6 26. Nf3 Re7 27. Rb1
Rae8 28. Bd2 Re2+ 29. Kf1 f6 30. Bc3 Qc7 31. Ne5 Re3 32. Bxa5 Qxa5 33. Nc4 Qf5+
34. Kg1 Re2 35. Qf1 Qxd3 36. Nd6 Qxd4+ {White resigns} 0-1

[Event "Team 45 45 League T57"]
[Site "Internet Chess Club"]
[Date "2013.06.30"]
[Round "5"]
[White "MeoPatacca"]
[Black "bobhill"]
[Result "0-1"]
[WhiteElo "1798"]
[BlackElo "1966"]
[Opening "Queen's pawn, Mason variation"]
[ECO "D00"]
[Time "15:04:02"]
[TimeControl "2700+45"]

1. d4 d5 2. Bf4 Nf6 3. e3 g6 4. Nd2 Bg7 5. Ngf3 O-O 6. Be2 c5 7. c3 Qb6 8. Qb3
c4 9. Qc2 Bf5 10. Qc1 Re8 11. Ne5 Nbd7 12. O-O Rad8 13. b3 cxb3 14. axb3 Ne4 15.
Nxe4 Bxe4 16. Nxd7 Rxd7 17. f3 Bf5 18. g4 Be6 19. Qa3 a6 20. c4 Bxd4 21. exd4
Qxd4+ 22. Kg2 Qxf4 23. c5 d4 24. Rad1 Bd5 25. h3 e5 26. b4 h5 27. gxh5 Qg5+ 28.
Kh2 Qxh5 29. Qb2 Be6 30. Rf2 Qxh3+ 31. Kg1 Kg7 32. Rh2 Qg3+ 33. Kh1 Rh8 34. Rxh8
Kxh8 35. Qd2 f5 {White resigns} 0-1

[Event "Team 45 45 League T57"]
[Site "Internet Chess Club"]
[Date "2013.06.24"]
[Round "5"]
[White "Beetlejuice"]
[Black "Inquisiteur"]
[Result "0-1"]
[WhiteElo "1718"]
[BlackElo "1671"]
[Opening "Catalan opening"]
[ECO "E00"]
[Time "14:07:15"]
[TimeControl "2700+45"]

1. d4 Nf6 2. c4 e6 3. g3 c5 4. Nf3 cxd4 5. Nxd4 Nc6 6. Bg2 a6 7. O-O Qc7 8. e4
d6 9. Be3 Be7 10. b3 Bd7 11. Nc3 O-O 12. Rc1 Nxd4 13. Bxd4 Rac8 14. h3 Qb8 15.
Qd2 b5 16. cxb5 axb5 17. Rfe1 e5 18. Be3 b4 19. Nd5 Nxd5 20. Qxd5 Rc3 21. g4
Rfc8 22. Qd2 Bd8 23. Bf1 Bb6 24. Bxb6 Qxb6 25. Bc4 Rxc1 26. Rxc1 h6 27. Rd1 Rc6
28. Bd5 Rc3 29. Bc4 Rxh3 30. Qxd6 Qxd6 31. Rxd6 Bxg4 32. Kg2 Rc3 33. Rb6 Bf3+
34. Kh2 Bxe4 35. Rxb4 Rc2 36. Kg3 Rxa2 37. Bxf7+ Kxf7 38. Rxe4 Kf6 39. f3 Rb2
40. b4 Kf5 41. Rc4 g5 42. Re4 h5 43. Rc4 h4+ 44. Kh3 Rb3 45. Kg2 h3+ 46. Kxh3
Rxf3+ 47. Kg2 Rb3 48. Kf2 g4 49. Kg2 e4 50. Kf2 Kf4 51. Kg2 Rb2+ 52. Kg1 g3 53.
Kf1 Kf3 54. Rc1 Rxb4 55. Ra1 e3 56. Rc1 Rh4 57. Kg1 g2 {White resigns} 0-1

[Event "Team 45 45 League T57"]
[Site "Internet Chess Club"]
[Date "2013.06.19"]
[Round "5"]
[White "CzwartyWymiar"]
[Black "qs16"]
[Result "1-0"]
[WhiteElo "1870"]
[BlackElo "1738"]
[Opening "Blackmar-Diemer gambit"]
[ECO "A45"]
[Time "09:00:26"]
[TimeControl "2700+45"]

1. d4 Nf6 2. f3 d5 3. e4 dxe4 4. Nc3 e6 5. Bf4 Bb4 6. fxe4 Nxe4 7. Qd3 Nxc3 8.
bxc3 Bd6 9. Qg3 Bxf4 10. Qxf4 O-O 11. Bd3 Nc6 12. Nf3 Qd6 13. Bxh7+ Kxh7 14.
Qh4+ Kg6 15. Qg5+ Kh7 16. Qh5+ Kg8 17. Ng5 Rd8 18. Qxf7+ Kh8 19. Qh5+ Kg8 20.
O-O {Black resigns} 1-0

[Event "Team 45 45 League T57"]
[Site "Internet Chess Club"]
[Date "2013.06.23"]
[Round "5"]
[White "misuc56"]
[Black "SirIvanhoe"]
[Result "1-0"]
[WhiteElo "1846"]
[BlackElo "1551"]
[Opening "QGD Slav defense"]
[ECO "D10"]
[Time "16:00:54"]
[TimeControl "2700+45"]

1. d4 d5 2. c4 c6 3. e3 Bf5 4. Nc3 e6 5. Bd2 Nf6 6. h3 Be7 7. Nf3 h6 8. c5 Nbd7
9. Be2 O-O 10. O-O b6 11. b4 bxc5 12. bxc5 Rb8 13. Be1 Rb7 14. Bd3 Ne4 15. Qc2
Qb8 16. Bxe4 dxe4 17. Nd2 Rb2 18. Qa4 Qb7 19. Ndxe4 Nf6 20. Nxf6+ Bxf6 21. e4
Bh7 22. f3 Rb4 23. Qa3 Bxd4+ 24. Bf2 Bf6 25. Rac1 Rb8 26. Rc2 Rb2 27. Qa4 Bxc3
28. Rxc3 Qd7 29. Rd1 Rb1 30. Rcc1 Rxc1 31. Rxc1 Bg6 32. Rd1 Qb7 33. Bg3 Rc8 34.
Bd6 f6 35. Kh2 e5 36. Qa5 Bf7 37. Rd2 Be8 38. Qa3 Bf7 39. Rb2 Qd7 40. Qa6 Ra8
41. a3 Be6 42. Qb7 Qxb7 43. Rxb7 Bc4 44. a4 a5 45. h4 Bd3 46. Rb2 Bc4 47. Kg3
Kf7 48. Kf2 Ke6 49. g4 g5 50. h5 Rd8 51. Ke3 Rxd6 52. cxd6 Kxd6 53. Kd2 Kc7 54.
Kc3 Ba6 55. Rd2 Bf1 56. Kb3 Ba6 57. Kc3 Bf1 58. Rh2 Ba6 59. Rf2 Kd7 60. Kb3 Kc7
61. Rd2 Bf1 62. Rc2 Ba6 63. Kc3 Bf1 64. Kd2 Ba6 65. Rc1 Kb7 66. Ke3 Kc7 67. Rc3
Bf1 68. Kf2 Ba6 69. f4 exf4 70. Rc5 Kb6 71. Rf5 Bc8 72. Rxf6 Bxg4 73. Rxh6 Kc5
74. Rh8 Bxh5 75. Rxh5 Kd4 76. Rxg5 c5 77. Kf3 c4 78. Rd5+ Kc3 79. e5 Kb3 80. e6
c3 81. Rc5 {Black resigns} 1-0

[Event "Team 45 45 League T57"]
[Site "Internet Chess Club"]
[Date "2013.06.23"]
[Round "5"]
[White "TerryMalloy"]
[Black "Goli"]
[Result "1-0"]
[WhiteElo "2001"]
[BlackElo "1908"]
[Opening "Benkö gambit"]
[ECO "A57"]
[Time "16:05:18"]
[TimeControl "2700+45"]

1. d4 Nf6 2. c4 c5 3. d5 b5 4. Nf3 bxc4 5. Nc3 d6 6. e4 Bg4 7. Qa4+ Bd7 8. Qxc4
g6 9. e5 dxe5 10. Nxe5 e6 11. dxe6 Bxe6 12. Qa4+ Nfd7 13. Be2 a6 14. O-O Bg7 15.
Bf4 O-O 16. Rad1 Qf6 17. Bf3 Ra7 18. Rfe1 Nb6 19. Qa5 Qxf4 20. Qxb6 Bxe5 21.
Rxe5 Nd7 22. Qxa7 Nxe5 23. Be2 Qb4 24. Rd2 Bxa2 25. Qxa6 Bc4 26. Qa3 Bxe2 27.
Qxb4 cxb4 28. Nxe2 Ra8 29. f4 Ra1+ 30. Kf2 Ng4+ 31. Kg3 Ne3 32. Rd3 Nf5+ 33. Kf2
h5 34. Rd8+ Kg7 35. Rb8 Ra4 36. b3 Ra2 37. Rxb4 Rb2 38. g3 Ne7 39. Kf3 Nd5 40.
Rb7 Kf6 41. h3 Ke6 42. Nd4+ Kf6 43. g4 hxg4+ 44. hxg4 Rb1 45. g5+ Kg7 46. Ne6+
Kg8 47. Nd8 Rf1+ 48. Ke4 Nxf4 49. Rxf7 Rd1 50. Kxf4 Rxd8 51. Rb7 Rf8+ 52. Kg4
Rf1 53. b4 Rg1+ 54. Kf4 Rf1+ 55. Ke5 Rf5+ 56. Ke6 Rxg5 57. Kf6 Rg1 58. Rg7+ Kf8
59. Rxg6 Rb1 60. Rg4 Ke8 61. Ke6 Kd8 62. Kd6 Kc8 63. Kc6 Rc1+ 64. Kb6 Kd7 65. b5
Rb1 66. Rc4 Kd6 67. Rd4+ Ke5 68. Rd2 Ke6 69. Kc6 Rc1+ 70. Kb7 Ke7 71. b6 Ke8 72.
Ka7 Ra1+ 73. Kb8 Rb1 74. b7 Ra1 75. Rd4 Ke7 76. Kc7 Rc1+ 77. Kb6 Rb1+ 78. Kc6
Ke6 79. Re4+ Kf7 80. Re5 Rc1+ 81. Rc5 {Black resigns} 1-0

[Event "Team 45 45 League T57"]
[Site "Internet Chess Club"]
[Date "2013.06.24"]
[Round "5"]
[White "room-matt"]
[Black "Packerfan"]
[Result "1-0"]
[WhiteElo "1768"]
[BlackElo "1740"]
[Opening "Two knights defense"]
[ECO "C56"]
[Time "09:04:01"]
[TimeControl "2700+45"]

1. e4 e5 2. Bc4 Nf6 3. d4 exd4 4. Nf3 Nc6 5. O-O Nxe4 6. Re1 d5 7. Bxd5 Qxd5 8.
Nc3 Qa5 9. Nxe4 Be6 10. Neg5 O-O-O 11. Nxe6 fxe6 12. Rxe6 Bd6 13. Bg5 Rdf8 14.
Bh4 Qb6 15. Rb1 h6 16. c3 dxc3 17. bxc3 Qc5 18. Qd3 g5 19. Bg3 Bxg3 20. hxg3 Qf5
21. Re8+ {Black resigns} 1-0

[Event "Team 45 45 League T57"]
[Site "Internet Chess Club"]
[Date "2013.06.25"]
[Round "5"]
[White "Buford-Julep"]
[Black "tsia68"]
[Result "1-0"]
[WhiteElo "1745"]
[BlackElo "1711"]
[Opening "King's Indian: Gligoric-Taimanov system"]
[ECO "E92"]
[Time "14:01:27"]
[TimeControl "2700+45"]

1. d4 Nf6 2. c4 g6 3. Nc3 Bg7 4. e4 d6 5. Nf3 O-O 6. Be2 e5 7. Be3 exd4 8. Nxd4
Re8 9. f3 Nc6 10. O-O Nxd4 11. Bxd4 c6 12. Re1 Qa5 13. a3 Be6 14. b4 Qc7 15. Rc1
Rac8 16. Be3 Qe7 17. Bg5 h6 18. Bh4 g5 19. Bg3 Red8 20. f4 gxf4 21. Bxf4 d5 22.
cxd5 cxd5 23. Nxd5 Bxd5 24. Rxc8 Rxc8 25. exd5 Qe4 26. Qd2 Qxd5 27. Bf3 Qxd2 28.
Bxd2 Rc2 29. Be3 Ra2 30. Bxa7 Rxa3 31. Bc5 Rd3 32. Bxb7 Nd5 33. Re8+ Kh7 34. Rd8
Rd1+ 35. Kf2 Nc3 36. Rxd1 Nxd1+ 37. Ke2 Nc3+ 38. Kd3 Kg6 39. Bd4 Nb5 40. Bxg7
Kxg7 41. Bc6 Na7 42. b5 Kf6 43. Bd7 Nxb5 44. Bxb5 h5 45. Ke4 Kg5 46. Bd7 h4 47.
Ke5 f6+ 48. Ke4 {Black resigns} 1-0

[Event "Team 45 45 League T57"]
[Site "Internet Chess Club"]
[Date "2013.06.22"]
[Round "5"]
[White "Duguesclin"]
[Black "bondguy01"]
[Result "0-1"]
[WhiteElo "1618"]
[BlackElo "1696"]
[Opening "King's Indian: Four pawns attack"]
[ECO "E76"]
[Time "13:00:38"]
[TimeControl "2700+45"]

1. d4 Nf6 2. c4 g6 3. Nc3 d6 4. e4 Bg7 5. f4 O-O 6. Nf3 Na6 7. a3 e5 8. fxe5
dxe5 9. d5 Nc5 10. Bd3 Bg4 11. O-O c6 12. b4 Nxd3 13. Qxd3 cxd5 14. cxd5 Ne8 15.
Be3 b6 16. Rac1 Nd6 17. Nb5 Nxb5 18. Qxb5 Bd7 19. Qc4 h6 20. Qc7 Qe7 21. d6 Qe6
22. Rfd1 Rfc8 23. Qb7 Rcb8 24. Qd5 Qe8 25. Rc7 Kh7 26. Rdc1 Rc8 27. b5 Rxc7 28.
Rxc7 Rd8 29. a4 Qe6 30. Rxa7 Rb8 31. Ra6 f5 32. Qxe6 Bxe6 33. exf5 gxf5 34. Bxb6
e4 35. Bc7 exf3 36. gxf3 Bd4+ 37. Kg2 Rg8+ 38. Kf1 Bc4+ 39. Ke1 Rg1+ 40. Kd2
Rg2+ 41. Kc1 Be3+ 42. Kd1 Bb3+ 43. Ke1 Bc4 44. Kd1 Bd3 45. Ba5 Ra2 46. Rc6 Be2+
47. Ke1 Bxf3 48. Rc7+ Kg6 49. Bc3 Rxh2 50. Rg7+ Kh5 51. Kf1 Rh1+ {White resigns}
0-1